 Dungeon Crawl Stone Soup version 0.32-a0-18-g89e19f1974 (webtiles) character file.

Game seed: 10534077093964205736

1459 Xavori the Trooper (level 9, -16/71 HPs)
             Began as a Djinni Chaos Knight on Jan 16, 2024.
             Was a Plaything of Xom.
             Demolished by an ice beast (21 damage)
             ... on level 6 of the Dungeon.
             The game lasted 00:05:59 (8158 turns).

Xavori the Trooper (Djinni Chaos Knight)            Turns: 8158, Time: 00:06:00

Health: -16/71     AC:  9    Str: 10    XL:     9   Next: 5%
Gold:   307        EV: 18    Int: 18    God:    Xom [.*....] SH:  0 Dex: 16

rFire   + + .        a - +0 falchion (chaos)
rCold   x . .        (no shield)
rNeg    . . .        b - +2 leather armour
rPois   ∞            (helmet restricted)
rElec   .            t - scarf {shadows}
rCorr   .            (no gloves)
SInv    .            (boots unavailable)
Will    +....        (no amulet)
Stlth   +            q - ring of willpower
HPRegen 0.31/turn    y - +5 ring of evasion
MPRegen 0.00/turn

%: infuse magic (-17 HP)
@: flying
A: sickness immunity, fire resistance 2, cold vulnerability 1, float, innate
caster, HP casting, extra vitality 1, horns 1, iridescent scales 2, clever 1,
robust 1, wild magic 1
a: Renounce Religion


You were on level 6 of the Dungeon.
You worshipped Xom.
You were a plaything of Xom.
You visited 1 branch of the dungeon, and saw 6 of its levels.

You collected 307 gold pieces.

Inventory:

Hand Weapons
 a - a +0 falchion of chaos (weapon)
 x - a +2 quick blade of chaos
Missiles
 j - a throwing net (quivered)
Armour
 b - a +2 leather armour (worn)
 f - a +0 helmet
 t - a scarf of shadows (worn)
Jewellery
 q - a ring of willpower (left hand)
 y - a +5 ring of evasion (right hand)
Wands
 z - a wand of paralysis (13)
Scrolls
 c - 2 scrolls of butterflies
 d - a scroll of silence {unknown}
 e - a scroll of teleportation {unknown}
 h - 2 scrolls of identify
 k - a scroll of blinking {unknown}
 m - a scroll of fog {unknown}
 s - 3 scrolls of enchant weapon
 u - a scroll of immolation {unknown}
 v - a scroll of poison {unknown}
Potions
 g - 2 potions of curing
 i - a potion of cancellation {unknown}
 l - a potion of might {unknown}
 n - a potion of lignification {unknown}
 o - 2 potions of berserk rage
 p - a potion of resistance {unknown}
 r - a potion of heal wounds {unknown}
Miscellaneous
 w - a phantom mirror


   Skills:
 + Level 5.0 Fighting
 + Level 4.6 Long Blades
 + Level 4.1 Armour
 + Level 4.9 Dodging
 * Level 4.1 Spellcasting
 * Level 4.1 Conjurations
 * Level 4.1 Hexes
   Level 0.0 Charms
 * Level 4.1 Summonings
 * Level 4.1 Necromancy
 * Level 4.1 Translocations
   Level 0.0 Transmutations
 * Level 4.1 Fire Magic
 * Level 4.1 Ice Magic
 * Level 4.1 Air Magic
 * Level 4.1 Earth Magic
 * Level 4.1 Alchemy
 + Level 3.0 Evocations


You knew the following spells:

 Your Spells              Type           Power      Damage    Failure   Level
a - Freeze                Ice            92%        1d9       6%          1
b - Mercury Vapours       Alch/Air       46%        N/A       9%          2
c - Summon Ice Beast      Ice/Summ       23%        N/A       16%         3
d - Dimensional Bullseye  Hex/Tloc       11%        N/A       43%         4
Your spell library was empty.

Dungeon Overview and Level Annotations

Branches:
Dungeon (6/15)             Temple (0/1) D:4

Altars:
Cheibriados
Xom


Innate Abilities, Weirdness & Mutations

You are immune to sickness and miasma.
You are immune to poison.
Your flesh is very heat resistant. (rF++)
You are vulnerable to cold. (rC-)
You float through the air rather than walking.
You learn spells naturally, not from books.
Your magical power is your life essence.
You have superior vitality. (+4 MHP)
You have a pair of small horns on your head.
You are mostly covered in iridescent scales. (AC +4)
Your mind is acute. (Int +4, Str/Dex -1)
You are robust. (+10% HP)
Your spells are a little harder to cast, but a little more powerful.


Message History

The bullfrog is almost dead.
The bullfrog hits you.
The bullfrog hits you but does no damage.
Casting: Mercury Vapours (safe; 9% risk of failure)
Confirm with . or Enter, or press ? or * to list all spells.
Aiming: Mercury Vapours (safe; 9% risk of failure)
Press: ? - help, Dir - move target, f/p - ice beast
Aim: an ice beast (lightly wounded, chance to weaken: 90%) Fumes of mercury billow around the ice beast!
The ice beast looks weaker.
The bullfrog closely misses you.
Unknown command.
You barely miss the bullfrog.
The bullfrog is almost dead.
The bullfrog closely misses you.
The ice beast hits you but does no damage.
The bullfrog barely misses you.
You barely miss the bullfrog.
The bullfrog is almost dead.
The bullfrog barely misses you. The ice beast barely misses you.
The bullfrog hits you.
You hit the bullfrog. Your headbutt misses the bullfrog.
The bullfrog is almost dead.
The ice beast hits you. The ice beast freezes you!!
You feel a terrible chill! The bullfrog hits you!
Unknown command.
You hit the bullfrog. You freeze the bullfrog.
You kill the bullfrog!
The ice beast hits you. The ice beast freezes you!!
You feel a terrible chill!
* * * LOW HITPOINT WARNING * * *
You emit a cloud of colourful smoke!
The ice beast hits you but does no damage.
Your Evocations skill increases to level 3!
As you read the scroll labelled TABOYTUHEGI, it crumbles to dust.
It is a scroll of identify.
s - 3 scrolls of enchant weapon The ice beast is no longer weakened.
The ice beast hits you.
* * * LOW HITPOINT WARNING * * *
The ice beast freezes you!!
You feel a terrible chill!
You die...
Xom laughs nastily!

#..#............#.#.#.#
##.†.$#######.#...#.#..
#######'## #.#.###.#.<
.........# #.#........
.........## #[#####....
..........#####.......<..
..................#####..
.......$.§...............
.......§@§.?..#######.###
.......Y.#....#
......$#....#
.......#....#
.......####.# ########
..# #.#


You could see an ice beast.

Vanquished Creatures
  Sigmund (D:5)
  A water moccasin (D:5)
  A black bear (D:6)
  A boggart (D:6)
  A centaur (D:6)
  A bullfrog (D:6)
  2 scorpions
  5 killer bees
  A hound (D:5)
  4 jellies
  An orc priest (D:5)
  3 iguanas
  Jessica (D:3)
  Terence (D:3)
  Natasha (thrice) (D:3)
  5 gnolls (D:6)
  5 adders
  3 ribbon worms
  2 dart slugs
  8 orcs
  8 ball pythons
  5 endoplasms
  6 goblins
  6 hobgoblins
  3 quokkas (D:4)
  2 bats (D:3)
  2 frilled lizards (D:1)
  5 kobolds
  3 rats
90 creatures vanquished.

Notes
Turn   | Place    | Note
-------+----------+-------------------------------------------
     0 | D:1      | Xavori the Djinni Chaos Knight began the quest for the Orb.
     0 | D:1      | Reached XP level 1. HP: 20/20 MP: 0/0
   271 | D:1      | Reached XP level 2. HP: 24/25 MP: 0/0
   319 | D:1      | You are sucked into a shaft and drop 1 floor!
   362 | D:2      | XOM: silly message
   624 | D:1      | XOM: silly message
   677 | D:1      | Reached XP level 3. HP: 30/30 MP: 0/0
   677 | D:1      | Learned a level 1 spell: Freeze
  1520 | D:1      | XOM: silly message
  1529 | D:1      | XOM: silly message
  3010 | D:1      | XOM: give mutations
  3010 | D:1      | Gained mutation: Your mind is acute. (Int +4, Str/Dex -1)
                  | [Xom's grace]
  3010 | D:1      | Gained mutation: Your spells are a little harder to cast,
                  | but a little more powerful. [Xom's grace]
  3010 | D:1      | Gained mutation: You have a pair of small horns on your
                  | head. [Xom's grace]
  3010 | D:1      | Gained mutation: You are robust. (+10% HP) [Xom's grace]
  3154 | D:1      | XOM: god gift: 9 stones
  3389 | D:1      | XOM: give mutations
  3389 | D:1      | Gained mutation: You are partially covered in iridescent
                  | scales. (AC +2) [Xom's grace]
  3389 | D:1      | Gained mutation: You expend health (3 HP) to strengthen
                  | your wands. [Xom's grace]
  3582 | D:1      | XOM: divination: detect items
  3654 | D:2      | Found a faded altar of an unknown god.
  3659 | D:2      | Reached skill level 1 in Spellcasting
  3659 | D:2      | Reached skill level 1 in Conjurations
  3659 | D:2      | Reached skill level 1 in Hexes
  3659 | D:2      | Reached skill level 1 in Summonings
  3659 | D:2      | Reached skill level 1 in Necromancy
  3659 | D:2      | Reached skill level 1 in Translocations
  3659 | D:2      | Reached skill level 1 in Fire Magic
  3659 | D:2      | Reached skill level 1 in Ice Magic
  3659 | D:2      | Reached skill level 1 in Air Magic
  3659 | D:2      | Reached skill level 1 in Earth Magic
  3659 | D:2      | Reached skill level 1 in Alchemy
  3954 | D:3      | Noticed Terence
  3965 | D:3      | Killed Terence
  3966 | D:3      | Reached XP level 4. HP: 29/38 MP: 0/0
  4278 | D:3      | Noticed Jessica
  4281 | D:3      | XOM: smoke on damage
  4286 | D:3      | XOM: butterfly on damage
  4287 | D:3      | Killed Jessica
  4288 | D:3      | Reached XP level 5. HP: 9/44 MP: 0/0
  4288 | D:3      | Learned a level 2 spell: Mercury Vapours
  4818 | D:3      | Noticed Natasha
  4825 | D:3      | Killed Natasha
  5023 | D:3      | Noticed Natasha
  5031 | D:3      | Killed Natasha
  5117 | D:3      | Noticed Natasha
  5127 | D:3      | Killed Natasha
  5128 | D:3      | Reached XP level 6. HP: 27/51 MP: 0/0
  5556 | D:4      | XOM: summons 3 hostile shadow creatures
  5560 | D:4      | XOM: polymorph hobgoblin -> ball python
  5709 | D:4      | XOM: summons 3 hostile shadow creatures
  5710 | D:4      | Noticed an ogre
  5860 | D:4      | Found a staircase to the Ecumenical Temple.
  6082 | D:4      | XOM: cloud trail
  6146 | D:4      | Found a snail-covered altar of Cheibriados.
  6276 | D:4      | XOM: god gift: phantom mirror
  6351 | D:5      | Entered Level 5 of the Dungeon
  6359 | D:5      | XOM: scenery: create altars
  6363 | D:5      | XOM: potion effect (brilliance)
  6378 | D:5      | Reached skill level 4 in Fighting
  6378 | D:5      | Reached XP level 7. HP: 25/57 MP: 0/0
  6378 | D:5      | Learned a level 3 spell: Summon Ice Beast
  6397 | D:4      | Reached skill level 1 in Evocations
  6512 | D:4      | XOM: scenery: summon butterflies
  6540 | D:4      | XOM: give mutations
  6540 | D:4      | Gained mutation: You are mostly covered in iridescent
                  | scales. (AC +4) [Xom's grace]
  6540 | D:4      | Gained mutation: Your spells are harder to cast, but more
                  | powerful. [Xom's grace]
  6778 | D:5      | XOM: polymorph iguana -> rat
  6831 | D:5      | XOM: summons 4 hostile demons
  6988 | D:5      | XOM: god gift: glowing quick blade {god gift}
  7153 | D:5      | Reached XP level 8. HP: 63/63 MP: 0/0
  7161 | D:5      | Noticed Sigmund
  7174 | D:5      | XOM: cleaving
  7190 | D:5      | XOM: 2-stop teleportation journey
  7218 | D:5      | XOM: give mutations
  7218 | D:5      | Lost mutation: Your spells are harder to cast, but more
                  | powerful. [Xom's mischief]
  7218 | D:5      | Lost mutation: You expend health (3 HP) to strengthen your
                  | wands. [Xom's mischief]
  7436 | D:5      | Killed Sigmund
  7756 | D:6      | XOM: polymorph iguana -> boggart
  7757 | D:6      | XOM: enchant monster (good)
  7795 | D:6      | XOM: 1-stop teleportation journey
  7870 | D:6      | XOM: confusion (+ monsters)
  7871 | D:6      | XOM: silly message
  7915 | D:6      | XOM: polymorph gnoll sergeant -> black bear
  7920 | D:6      | XOM: swap monsters
  7922 | D:6      | XOM: silly message
  7939 | D:6      | Reached skill level 5 in Fighting
  8115 | D:6      | Reached XP level 9. HP: 71/71 MP: 0/0
  8115 | D:6      | Learned a level 4 spell: Dimensional Bullseye
  8118 | D:6      | XOM: 1-stop teleportation journey
  8157 | D:6      | XOM: smoke on damage
  8158 | D:6      | Demolished by an ice beast

Illustrated notes

Levels and vault maps discovered:
D:1:      dpeg_arrival_stone_temple_mockup, layout_loops_cross
D:2:      layout_rooms, shapermc_ecumenical_altar_venn
D:3:      layout_basic, uniq_jessica, uniq_natasha, uniq_terence
D:4:      layout_basic, chei_slow_surprise, minmay_temple_entry_mist,
          serial_bayou, serial_bayou_pond_a, serial_bayou_pond_e,
          serial_bayou_pond_c, serial_bayou_shore_a
D:5:      layout_basic, uniq_sigmund
D:6:      layout_basic, tso_oasis_becter, kennysheep_generic_room_16

Skill      XL: |  1  2  3  4  5  6  7  8  9 |
---------------+----------------------------+-----
Spellcasting   | 1 2 3 4 |  4.1
Conjurations   | 1 2 3 4 |  4.1
Hexes          | 1 2 3 4 |  4.1
Summonings     | 1 2 3 4 |  4.1
Necromancy     | 1 2 3 4 |  4.1
Translocations | 1 2 3 4 |  4.1
Fire Magic     | 1 2 3 4 |  4.1
Ice Magic      | 1 2 3 4 |  4.1
Air Magic      | 1 2 3 4 |  4.1
Earth Magic    | 1 2 3 4 |  4.1
Alchemy        | 1 2 3 4 |  4.1
Long Blades    | 3 4 |  4.6
Armour         | 2 3 4 |  4.1
Dodging        | 3 4 |  4.9
Fighting       | 4 5 |  5.0
Evocations     | 1 2 3 |  3.0

Action                     |  1- 3 |  4- 6 |  7- 9 || total
---------------------------+-------+-------+-------++-------
  Melee: Falchion          |    69 |   150 |   191 ||   410
         Headbutt          |     4 |    21 |    31 ||    56
         Punch             |       |     1 |     4 ||     5
   Cast: Mercury Vapours   |       |     3 |    24 ||    27
  Evoke: Phantom mirror    |       |       |     2 ||     2
    Use: Potion            |       |       |     3 ||     3
         Scroll            |       |       |     1 ||     1
   Stab: Sleeping          |     1 |     2 |     2 ||     5
         Distracted        |       |       |     1 ||     1
         Petrified         |       |       |     1 ||     1
 Armour: Leather armour    |    48 |   111 |   215 ||   374
  Dodge: Dodged            |    43 |   104 |   302 ||   449

Table legend: (Time is in decaauts)
 A = Elapsed time spent in this place.
 B = Non-inter-level travel time spent in this place.
 C = Inter-level travel time spent in this place.
 D = Time resting spent in this place.
 E = Time spent auto-exploring this place.
 F = Levels seen in this place.
 G = Mean time per level.
                   A        B        C        D        E       F      G
               +--------+--------+--------+--------+--------+-----+--------+
         Total |   8236 |   8120 |    116 |   3521 |   3686 |   6 | 1372.7 |
       Dungeon |   8236 |   8120 |    116 |   3521 |   3686 |   6 | 1372.7 |
               +--------+--------+--------+--------+--------+-----+--------+

Top non-repeatable levels by time:
     D:1: 3484 daAuts
     D:3: 1511 daAuts
     D:5: 1281 daAuts
     D:4: 1180 daAuts
     D:6: 393 daAuts
     D:2: 385 daAuts
